[Event "Istanbul Open 2018"]
[Site "Istanbul"]
[Date "2018.09.04"]
[Round "4"]
[White "Tepeli, Huseyin"]
[Black "Gezici, Omer Ata"]
[Result "0-1"]
[ECO "B36"]
[WhiteElo "1529"]
[BlackElo "1736"]
[Annotator "NA RC"]
[PlyCount "80"]
[EventDate "2018.09.02"]
[EventType "swiss"]
[EventCountry "TUR"]
[SourceTitle "playchess.com"]
[Source "ChessBase"]
[SourceQuality "1"]
[TimeControl "5400+30"]

1. e4 c5 2. Nf3 g6 3. d4 cxd4 4. Nxd4 Nc6 5. c4 Nf6 6. Nc3 Nxd4 7. Qxd4 d6 8. Be2 Bg7 9. O-O O-O 10. Qd1 Be6 11. Rb1 a5 12. Be3 a4 13. f3 Qa5 14. Nd5 Nxd5 15. exd5 Bd7 16. b4 axb3 17. axb3 Qb4 18. Bd4 Ra2 19. Bxg7 Kxg7 20. Qd4+ Kg8 21. Bd3 Rd2 22. Qe3 Ra8 23. Rf2 Raa2 24. Rxd2 Qxd2 25. Qxd2 Rxd2 26. Bf1 Bf5 27. Re1 Kf8 28. g4 Bd3 29. f4 Bxf1 30. Rxf1 Rd3 31. Rb1 Rd4 32. Kg2 Rxf4 33. Kg3 Rd4 34. Kf3 g5 35. Ke3 Rxg4 36. Kd3 Rh4 37. Ra1 Rh3+ 38. Kc2 Rxh2+ 39. Kc3 g4 40. Ra7 g3 0-1

[Event "Istanbul Open 2018"]
[Site "Istanbul"]
[Date "2018.09.04"]
[Round "4"]
[White "Ozates, Veysel"]
[Black "Bayramov, Araz"]
[Result "0-1"]
[ECO "B79"]
[WhiteElo "1508"]
[BlackElo "1750"]
[Annotator "NA RC"]
[PlyCount "112"]
[EventDate "2018.09.02"]
[EventType "swiss"]
[EventCountry "TUR"]
[SourceTitle "playchess.com"]
[Source "ChessBase"]
[SourceQuality "1"]
[TimeControl "5400+30"]

1. e4 c5 2. Nf3 d6 3. d4 cxd4 4. Nxd4 Nf6 5. Nc3 g6 6. Be2 Bg7 7. Be3 O-O 8. Qd2 Nc6 9. O-O-O Nxd4 10. Bxd4 Be6 11. f3 Qa5 12. Kb1 Rfc8 13. Bxf6 Bxf6 14. Nd5 Qxd2 15. Nxf6+ Kg7 16. Nh5+ Kh6 17. Rxd2 Kxh5 18. f4+ Kh6 19. g4 Rc5 20. g5+ Kg7 21. h4 h6 22. gxh6+ Kxh6 23. h5 Kg7 24. hxg6 fxg6 25. Rg1 Kf7 26. f5 gxf5 27. Bh5+ Kf6 28. Rg6+ Ke5 29. exf5 Bxf5 30. Rg7 Kf6 31. Rf7+ Kg5 32. Bf3 Re5 33. Rg2+ Kf4 34. Bd1 Re8 35. Kc1 Ke4 36. c3 Kd5 37. Rg5 Bd3 38. Rg4 Ke6 39. Rgf4 Kd7 40. Bg4+ Kc7 41. Kd2 Bb5 42. a4 Bc6 43. Rc4 Kb6 44. Bd1 a5 45. b3 Bd5 46. Rcf4 Bxf7 47. Rxf7 Rh8 48. Rf2 Rh3 49. Be2 Ree3 50. Rf7 Rxc3 51. Rxe7 Rxb3 52. Re6 Kc5 53. Re7 Rh2 54. Rc7+ Kb6 55. Re7 Rb2+ 56. Kd3 Rhxe2 0-1

[Event "Istanbul Open 2018"]
[Site "Istanbul"]
[Date "2018.09.04"]
[Round "5"]
[White "Abishli, Oghuz"]
[Black "Aydin, Kaan Ayhan"]
[Result "1-0"]
[ECO "E49"]
[WhiteElo "2099"]
[BlackElo "1877"]
[Annotator "NA RC"]
[PlyCount "63"]
[EventDate "2018.09.02"]
[EventType "swiss"]
[EventCountry "TUR"]
[SourceTitle "playchess.com"]
[Source "ChessBase"]
[SourceQuality "1"]
[TimeControl "5400+30"]

1. d4 Nf6 2. c4 e6 3. Nc3 Bb4 4. a3 Bxc3+ 5. bxc3 O-O 6. f3 d5 7. cxd5 exd5 8. e3 {[%emt 0:00:30] [#]} c5 $1 {[%emt 0:03:30] LiveBook: 191 Games} 9. Bd3 b6 10. Ne2 Ba6 11. O-O Bxd3 12. Qxd3 Nc6 13. e4 {[%emt 0:06:00] E49: Nimzo-Indian: Rubinstein: 5 Bd3 d5 6 a3 Bxc3+ 7 bxc3} h6 14. e5 Nh7 $146 ({Predecessor:} 14... Ne8 15. Nf4 Rc8 16. Be3 c4 17. Qf5 Ne7 18. Qh3 Rc6 19. a4 f5 20. exf6 Rfxf6 {1-0 (38) Rakhmanov,A (2639)-Das,S (2434) Dubai 2015}) 15. f4 f5 ({Black should play} 15... f6 $14) 16. dxc5 bxc5 17. Be3 c4 18. Qd2 Qa5 19. Rfd1 Rfd8 20. Rab1 Nf8 $16 21. a4 Ne6 22. Qc2 Nc5 23. Qxf5 Rf8 24. Qg6 Rac8 25. Rxd5 Ne7 26. Rxc5 Rxc5 27. Qe6+ Rf7 28. Rb8+ Rc8 29. Rxc8+ Nxc8 30. Qxc8+ Kh7 31. Qxc4 Rc7 32. Qb5 1-0

[Event "Istanbul Open 2018"]
[Site "Istanbul"]
[Date "2018.09.04"]
[Round "5"]
[White "Acarbay, Aydin"]
[Black "Sarikavak, Serdar Ýhsan"]
[Result "0-1"]
[ECO "E60"]
[WhiteElo "1894"]
[BlackElo "1798"]
[Annotator "NA RC"]
[PlyCount "100"]
[EventDate "2018.09.02"]
[EventType "swiss"]
[EventCountry "TUR"]
[SourceTitle "playchess.com"]
[Source "ChessBase"]
[SourceQuality "1"]
[TimeControl "5400+30"]

1. d4 Nf6 2. Nf3 g6 3. c4 Bg7 4. g3 O-O 5. Bg2 d6 6. O-O Nc6 7. h3 e5 {[%emt 0:02:30] E60: King's Indian: Unusual lines and Fianchetto Variation without Nc3} 8. dxe5 (8. Nc3 exd4 9. Nxd4 Nxd4 10. Qxd4 Re8 11. Qd3 Nd7 12. b3 Nc5 13. Qd2 Bf5 14. Bb2 Ne4 15. Bxe4 Bxe4 16. f3 Bc6 17. e4 Qd7 18. g4 {½-½ (64) Adams,M (2724)-Jones,G (2653) Bunratty 2012}) 8... dxe5 9. Be3 $146 ({Predecessor:} 9. Nc3 Be6 10. b3 h6 11. Be3 Qxd1 12. Rfxd1 Rfd8 13. Ne1 Ne8 14. Rac1 a6 15. Nd3 {1-0 (45) Cesal,J (2235)-Havlik,J (2282) Czechia 2008}) 9... Be6 10. Na3 Qe7 11. Qb3 a6 12. Rfd1 h6 13. Qa4 Nd7 14. Qc2 f5 15. Nh4 Kh7 16. Bd5 e4 17. Ng2 g5 18. Nb1 ({White should try} 18. h4 $15) 18... Nde5 19. Nd2 Rad8 20. Nb3 b6 (20... Nb4 $17 21. Bc5 Nxc2 22. Bxe7 Nxa1 23. Rxa1 Bc8 24. Bxd8 Rxd8) 21. a3 Qf7 22. h4 Bf6 23. hxg5 hxg5 24. Qd2 Nxc4 25. Bxe6 Qxe6 26. Qc2 Nxe3 27. Nxe3 Be5 28. Rac1 Rxd1+ 29. Rxd1 Kg7 30. Qc4 Qxc4 31. Nxc4 Bf6 32. a4 b5 ({Better is} 32... Kg6 $17 33. g4 fxg4) 33. axb5 axb5 34. Na3 Bxb2 (34... b4 $5 35. Nc4 Rd8 36. Rxd8 Nxd8 $17) 35. Nxb5 Rb8 36. Rd5 Ne7 (36... Ne5 $5 37. N3d4 Bxd4 38. Nxd4 Kf6 $17) 37. Rc5 $1 Kf6 38. Na5 c6 (38... Be5 $15 39. Nxc7 Rc8 40. Nd5+ Ke6 41. Rxc8 Nxc8) 39. Na7 $2 (39. Nxc6 $11 {und Weiss ist OK.} Rc8 40. Nba7) 39... Bd4 40. Rxc6+ Nxc6 41. N7xc6 Rb1+ 42. Kg2 Bb6 43. Nc4 $1 $11 Bc7 (43... Bc5 44. N6a5) 44. Ne3 Bb6 $2 (44... Bd6 $19 45. Nd5+ Ke6) 45. Nd5+ $2 Ke6 46. Ne3 Rc1 $19 47. Nb4 Bxe3 48. fxe3 Kd6 49. Kf2 Rc4 50. Na2 Ke5 0-1

[Event "Istanbul Open 2018"]
[Site "Istanbul"]
[Date "2018.09.04"]
[Round "5"]
[White "Ozveren, Ali Bulent"]
[Black "Akin, Yagiz Cinar"]
[Result "1-0"]
[ECO "A41"]
[WhiteElo "1849"]
[BlackElo "1963"]
[Annotator "NA RC"]
[PlyCount "119"]
[EventDate "2018.09.02"]
[EventType "swiss"]
[EventCountry "TUR"]
[SourceTitle "playchess.com"]
[Source "ChessBase"]
[SourceQuality "1"]
[TimeControl "5400+30"]

1. Nf3 g6 2. g3 Bg7 3. Bg2 d6 4. O-O Nd7 5. e4 e5 6. d4 Ne7 7. dxe5 {[%emt 0:16:30] A41: 1 d4 d6: Tartakower System and Modern Defence} (7. c4 O-O 8. Nc3 h6 9. Re1 Nc6 10. Be3 exd4 11. Nxd4 Nde5 12. Nxc6 bxc6 13. c5 Nc4 14. Qc1 Nxe3 15. Qxe3 Rb8 16. Rab1 Be6 17. cxd6 cxd6 18. Qxa7 {0-1 (43) Kempinski,R (2599)-Istratescu,A (2654) Warsaw 2012}) 7... dxe5 {[%emt 0:00:30] LiveBook: 7 Games} 8. Nc3 O-O 9. Bg5 h6 10. Be3 Nc6 $146 ({Predecessor:} 10... Kh7 11. Qd3 c6 12. Rfd1 Qc7 13. Qc4 Nb6 {0-1 (53) Brumen,D (2351)-Dobosz,H (2389) Austria 2015}) 11. Qd2 Kh7 12. Rad1 Nb6 13. Qxd8 Nxd8 14. Nb5 Ne6 15. b3 f5 16. exf5 gxf5 17. Nh4 f4 18. Bxb6 axb6 19. Be4+ Kg8 20. a4 c6 21. Nd6 Ng5 22. Nxc8 Raxc8 23. f3 Rcd8 24. Bd3 fxg3 (24... Kf7 $14) 25. hxg3 Rfe8 26. Kg2 Bf6 27. Nf5 h5 28. Rh1 Kf8 29. Rxh5 Nxf3 30. Rh6 Bg7 31. Nxg7 Kxg7 32. Rh7+ Kf6 33. Rf1 e4 34. Bxe4 Rxe4 35. Rxf3+ Kg5 36. Rg7+ Kh5 37. Rxb7 Rg8 38. Rh7+ Kg6 39. Rb7 Kh5 40. Rxb6 Re2+ 41. Rf2 Re3 42. Rf5+ Kg4 43. Rf4+ Kh5 44. Rh4+ Kg5 45. Rxc6 Rf8 46. Rc5+ Kg6 47. Rg4+ Kh6 48. Rd4 Rf6 49. Rcd5 Re2+ 50. Kh3 Rff2 51. Rc4 Rf6 52. Rdc5 Rff2 53. Kg4 Re3 54. Rc6+ Kg7 $18 55. Rc7+ Kg8 56. Rb7 Re8 57. Kh3 Rd8 58. a5 Rf6 59. Rg4+ Kh8 60. Rb5 1-0

[Event "Istanbul Open 2018"]
[Site "Istanbul"]
[Date "2018.09.04"]
[Round "5"]
[White "Kelpetin, Umut Can"]
[Black "Ozsakallioglu, Akin"]
[Result "0-1"]
[ECO "B23"]
[WhiteElo "1798"]
[BlackElo "1861"]
[Annotator "NA RC"]
[PlyCount "102"]
[EventDate "2018.09.02"]
[EventType "swiss"]
[EventCountry "TUR"]
[SourceTitle "playchess.com"]
[Source "ChessBase"]
[SourceQuality "1"]
[TimeControl "5400+30"]

1. e4 c5 2. Nc3 Nc6 3. f4 e6 4. Nf3 g6 5. Bc4 Bg7 6. f5 gxf5 {[%emt 0:00:30] LiveBook: 13 Games} 7. d3 Nge7 8. O-O {[%emt 0:00:30] B23: Closed Sicilian: Lines without g3} d5 9. exd5 exd5 10. Bb3 h6 (10... Be6 11. Qe1 a6 12. Ng5 Nd4 13. Bf4 c4 14. dxc4 dxc4 15. Nxe6 Nxe6 16. Bxc4 {0-1 (33) Degraeve,R (2019)-Jones,G (2665) chess.com INT 2017}) 11. Qe1 $146 ({Predecessor:} 11. Bf4 a6 12. Re1 Be6 13. a4 b6 14. Ne5 Nxe5 15. Bxe5 Bxe5 16. Rxe5 {½-½ (40) Lastovicka,J-Machacek,P Brno 1973}) 11... Be6 12. Qg3 Rg8 13. Qf2 b6 14. Re1 a6 15. Nh4 {[%emt 0:18:30] [#]} Bd4 $1 16. Be3 Bxe3 17. Qxe3 d4 18. Qxh6 dxc3 19. Bxe6 Qd4+ 20. Kh1 Rh8 21. Bxf7+ Kd8 22. Qe6 $2 (22. bxc3 $17 Rxh6 23. cxd4 Rxh4 24. dxc5) 22... Rxh4 23. Be8 Kc7 24. Qf7 $2 {[%emt 0:04:11] [#]} (24. bxc3 Qd6 25. Qxd6+ Kxd6 26. Bxc6 Nxc6 27. a4) 24... Rxh2+ (24... Rxe8 $142 $1 25. Qxe8 Qd6) 25. Kxh2 Qh8+ 26. Kg1 Qxe8 27. Qxe8 Rxe8 28. bxc3 Rg8 29. Rf1 Kd6 30. Rae1 (30. a4 $17) 30... Rg4 31. c4 {[%emt 0:01:03] [#]} b5 $1 32. cxb5 axb5 33. a3 Ra4 34. Rb1 Nd4 35. c3 Ne2+ 36. Kf2 $19 Nxc3 37. Rb3 Rf4+ 38. Ke1 Rxf1+ 39. Kxf1 Ned5 40. Kf2 Ke5 41. Ke1 Kf4 42. Kf2 b4 43. axb4 cxb4 44. g3+ Kg4 45. Kg2 Nb5 46. Kf2 Nd4 47. Rb1 b3 48. Rb2 Nc3 49. Kg2 Na4 50. Rb1 b2 51. Kf2 Nb5 0-1

[Event "Istanbul Open 2018"]
[Site "Istanbul"]
[Date "2018.09.04"]
[Round "5"]
[White "Tinarlioglu, Emre"]
[Black "Gonullu, Muhammed Sinan"]
[Result "0-1"]
[ECO "B22"]
[WhiteElo "1796"]
[BlackElo "1816"]
[Annotator "NA RC"]
[PlyCount "88"]
[EventDate "2018.09.02"]
[EventType "swiss"]
[EventCountry "TUR"]
[SourceTitle "playchess.com"]
[Source "ChessBase"]
[SourceQuality "1"]
[TimeControl "5400+30"]

1. e4 c5 2. c3 g6 3. d4 cxd4 4. cxd4 d5 5. e5 Bg7 6. Nc3 Nc6 7. h3 Nh6 {[%emt 0:01:00] B22: Sicilian: 2 c3} 8. g4 f6 9. f4 fxe5 10. fxe5 a6 $146 ({Predecessor:} 10... O-O 11. Bg2 e6 12. Nf3 Bd7 13. Be3 Rc8 14. Qd2 Nf7 15. O-O {1-0 (35) Pavasovic,D (2597)-Lie,K (2526) Dresden 2008}) 11. Bg2 e6 12. Nf3 Nf7 13. O-O O-O 14. a4 Qb6 15. Kh1 Bd7 16. Ne2 Na5 17. Bd2 Rac8 18. Bxa5 Qxa5 19. Nc3 Nd8 20. Rc1 Qb4 21. Qd2 Nc6 22. Qe3 Na5 23. Ng5 Nc4 24. Qg3 Nb6 ({Don't do} 24... Qxb2 25. Nxd5 exd5 26. Bxd5+ Kh8 27. Qd3 $19) 25. Rxf8+ Rxf8 26. a5 Qxa5 27. Qh4 h6 28. Nf3 Nc4 29. g5 h5 30. Qf2 Qb6 31. Nd1 Qd8 32. Qc2 Be8 33. b3 Na5 34. Nc3 Nc6 35. Na4 Qe7 36. Nc5 Rxf3 37. Bxf3 Nxd4 38. Qg2 Bc6 39. Nd3 Nxb3 40. Rf1 Nd4 41. Bd1 Nf5 42. Kh2 $19 (42. Qf2 $142) 42... Ne3 43. Qf2 Nxf1+ 44. Qxf1 Qxg5 0-1

[Event "Istanbul Open 2018"]
[Site "Istanbul"]
[Date "2018.09.04"]
[Round "5"]
[White "Yildiz, Erhan"]
[Black "Tepeli, Huseyin"]
[Result "0-1"]
[ECO "B10"]
[WhiteElo "1777"]
[BlackElo "1529"]
[Annotator "NA RC"]
[PlyCount "56"]
[EventDate "2018.09.02"]
[EventType "swiss"]
[EventCountry "TUR"]
[SourceTitle "playchess.com"]
[Source "ChessBase"]
[SourceQuality "1"]
[TimeControl "5400+30"]

1. e4 c6 2. f4 d5 3. e5 Bf5 4. Nf3 e6 5. Be2 Nd7 6. O-O Be7 7. d4 h6 8. Bd3 g6 9. c3 Qc7 10. a4 O-O-O 11. b4 g5 12. b5 f6 13. bxc6 Qxc6 14. exf6 Ngxf6 15. Bxf5 exf5 16. fxg5 hxg5 17. Nxg5 Bd6 18. g3 Rdg8 19. Rxf5 Ne4 20. Qf3 Bxg3 21. hxg3 Qh6 22. Ra2 Nxg5 23. Bxg5 Rxg5 24. Rxg5 Qxg5 25. Nd2 Rf8 26. Qg2 Qe3+ 27. Kh2 Rh8+ 28. Qh3 Qf2+ 0-1

[Event "Istanbul Open 2018"]
[Site "Istanbul"]
[Date "2018.09.04"]
[Round "5"]
[White "Oney, Fatmanur"]
[Black "Sen, Irem"]
[Result "1/2-1/2"]
[ECO "D40"]
[WhiteElo "1774"]
[BlackElo "1670"]
[Annotator "NA RC"]
[PlyCount "99"]
[EventDate "2018.09.02"]
[EventType "swiss"]
[EventCountry "TUR"]
[SourceTitle "playchess.com"]
[Source "ChessBase"]
[SourceQuality "1"]
[TimeControl "5400+30"]

1. d4 d5 2. Nf3 Nf6 3. c4 dxc4 4. e3 a6 5. Bxc4 e6 6. Nc3 b5 7. Bd3 Bb7 8. a3 c5 9. O-O Nbd7 10. Be2 Be7 11. h3 O-O 12. dxc5 Bxc5 13. b4 Ba7 14. Bb2 Qe7 15. Rc1 Rfd8 16. Qc2 Rac8 17. Qb1 Nb6 18. Rfd1 Nc4 19. Rxd8+ Qxd8 20. Rd1 Qc7 21. Bxc4 Qxc4 22. Ne5 Qc7 23. Ne2 Be4 24. Qc1 Qxc1 25. Rxc1 Rxc1+ 26. Nxc1 Kf8 27. Nb3 Bd5 28. Nd4 Bb6 29. f3 Bc7 30. Nd3 Nd7 31. Kf2 Bd6 32. e4 Bc4 33. Ke3 Bxd3 34. Kxd3 Ne5+ 35. Ke2 Nc4 36. Bc1 Ke7 37. f4 f6 38. Kd3 e5 39. Nf5+ Kf7 40. Nxd6+ Nxd6 41. fxe5 fxe5 42. Bb2 Kf6 43. Bc3 Nc4 44. a4 Kg5 45. axb5 axb5 46. g3 h5 47. Be1 g6 48. Ke2 h4 49. Kf3 hxg3 50. Kxg3 1/2-1/2

[Event "Istanbul Open 2018"]
[Site "Istanbul"]
[Date "2018.09.04"]
[Round "5"]
[White "Acar, Cengiz Can"]
[Black "Pektas, Gokdeniz"]
[Result "1/2-1/2"]
[ECO "D02"]
[WhiteElo "1755"]
[BlackElo "1602"]
[Annotator "NA RC"]
[PlyCount "77"]
[EventDate "2018.09.02"]
[EventType "swiss"]
[EventCountry "TUR"]
[SourceTitle "playchess.com"]
[Source "ChessBase"]
[SourceQuality "1"]
[TimeControl "5400+30"]

1. d4 Nf6 2. Nf3 d5 3. Bf4 g6 4. e3 Nh5 5. Be5 f6 6. Bg3 Nxg3 7. hxg3 Bg7 8. c4 c6 9. Nc3 O-O 10. Qb3 e6 11. O-O-O Nd7 12. Bd3 Nb6 13. cxd5 cxd5 14. Rh2 f5 15. Rdh1 h6 16. Ne5 Rf6 17. g4 Nd7 18. gxf5 gxf5 19. g4 Nxe5 20. dxe5 Rf7 21. gxf5 exf5 22. Qxd5 Qxd5 23. Nxd5 Be6 24. Nf6+ Bxf6 25. exf6 Rxf6 26. Rxh6 Raf8 27. Rg1+ Kf7 28. Rh7+ Ke8 29. Rxb7 Bxa2 30. Bb5+ Kd8 31. Rd1+ Kc8 32. Rxa7 Be6 33. Rd6 Bb3 34. Rdd7 Rb6 35. Ba6+ Rxa6 36. Rac7+ Kb8 37. Rb7+ Kc8 38. Rbc7+ Kb8 39. Rb7+ 1/2-1/2

[Event "Istanbul Open 2018"]
[Site "Istanbul"]
[Date "2018.09.04"]
[Round "5"]
[White "Bayramov, Araz"]
[Black "Kavacik, Ahmet"]
[Result "1-0"]
[ECO "D02"]
[WhiteElo "1750"]
[BlackElo "1800"]
[Annotator "NA RC"]
[PlyCount "80"]
[EventDate "2018.09.02"]
[EventType "swiss"]
[EventCountry "TUR"]
[SourceTitle "playchess.com"]
[Source "ChessBase"]
[SourceQuality "1"]
[TimeControl "5400+30"]

1. d4 d5 2. Nf3 Nf6 3. Bf4 e6 4. e3 c5 5. c3 Bd6 6. Ne5 Qc7 7. Nd2 Nc6 8. Ndf3 O-O {[%emt 0:02:30] D02: Damenbauernspiele} 9. Bd3 b6 10. h4 (10. Nxc6 Qxc6 11. Ne5 Qc7 12. Qf3 Ne4 13. Nc4 Bxf4 14. Qxf4 Qxf4 15. exf4 Ba6 16. Bxe4 dxe4 {½-½ (95) Giri,A (2798)-Hou,Y (2673) Wijk aan Zee 2016}) 10... Ne7 $146 ({Vorgänger:} 10... Bb7 11. Qe2 c4 12. Bc2 b5 13. a3 a5 14. Nxc6 Bxc6 15. Bxd6 Qxd6 16. Ne5 {0-1 (41) Hilarecki,G (2023)-Krainski,A (2203) Lazy 2018}) 11. g4 Ne4 12. g5 f6 13. gxf6 gxf6 14. Rg1+ Kh8 15. Bh6 Nf5 16. Bxf8 Bxf8 17. Ng4 Qf7 18. Qe2 h5 19. Ngh2 Qc7 20. O-O-O a5 21. Rg6 Qh7 22. Rdg1 Ne7 $18 23. Rxf6 Nxf6 24. Bxh7 Kxh7 25. Ng5+ Kh8 26. Nf7+ Kh7 27. Qc2+ Nf5 28. Nf3 Bg7 29. N3g5+ Kg8 30. Nd8 cxd4 31. Ngxe6 Ne4 32. exd4 Bd7 33. f3 Ned6 34. Nxg7 Nxg7 35. Qg6 Ndf5 36. Qf7+ Kh7 37. Qxd7 a4 38. Ne6 Rg8 39. Ng5+ Kh8 40. Qf7 Nxh4 1-0

[Event "Istanbul Open 2018"]
[Site "Istanbul"]
[Date "2018.09.04"]
[Round "5"]
[White "Gezici, Omer Ata"]
[Black "Topsir, Furkan"]
[Result "1-0"]
[ECO "B06"]
[WhiteElo "1736"]
[BlackElo "1550"]
[Annotator "NA RC"]
[PlyCount "45"]
[EventDate "2018.09.02"]
[EventType "swiss"]
[EventCountry "TUR"]
[SourceTitle "playchess.com"]
[Source "ChessBase"]
[SourceQuality "1"]
[TimeControl "5400+30"]

1. e4 g6 2. d4 Bg7 3. Nf3 d6 4. Nc3 a6 5. a4 Bg4 6. Bc4 Nc6 7. Bxf7+ Kf8 8. Bxg8 Kxg8 9. Be3 e5 10. dxe5 Nxe5 11. Qd5+ Kf8 12. Nxe5 Bxe5 13. h3 Bd7 14. O-O Qh4 15. Bd4 Re8 16. f4 Bg7 17. Rf3 Bc6 18. Qc4 Bxd4+ 19. Qxd4 Ke7 20. b4 Rhf8 21. b5 axb5 22. axb5 Bd7 23. Qg7+ 1-0

[Event "Istanbul Open 2018"]
[Site "Istanbul"]
[Date "2018.09.04"]
[Round "5"]
[White "Tunca, Serhat"]
[Black "Mehrinejad, Mansour"]
[Result "1/2-1/2"]
[ECO "B45"]
[WhiteElo "1658"]
[BlackElo "1839"]
[Annotator "NA RC"]
[PlyCount "101"]
[EventDate "2018.09.02"]
[EventType "swiss"]
[EventCountry "TUR"]
[SourceTitle "playchess.com"]
[Source "ChessBase"]
[SourceQuality "1"]
[TimeControl "5400+30"]

1. e4 c5 2. Nf3 Nc6 3. d4 cxd4 4. Nxd4 Nf6 5. Nc3 e6 6. Be2 Bb4 7. Nxc6 bxc6 8. Bd3 O-O 9. Bg5 h6 10. Bh4 Be7 11. O-O d5 12. exd5 cxd5 13. Bg3 {[%emt 0:04:30] B45: Sicilian Four Knights} a6 $146 ({Predecessor:} 13... Bb7 14. Nb5 a6 15. Nd4 Qb6 16. a4 Ne4 17. Bxe4 dxe4 18. a5 Qc5 19. c3 Bd5 20. Kh1 Rfd8 {0-1 (43) Ruiz Aguilar,P (2212)-Barrientos Chavarriaga,S (2456) Buga 2009}) 14. Re1 Bb7 15. Ne2 Nd7 16. Nd4 Nc5 17. Be2 Bf6 18. f3 Qb6 19. Bf2 Qc7 20. c3 Be5 21. g3 Rac8 22. Nb3 Nd7 23. f4 Bd6 24. Bf3 Nf6 25. Bd4 Nd7 26. Qe2 Rfe8 27. Qg2 a5 28. a4 Ba8 29. Be2 Rb8 30. Bb5 Red8 ({Better is} 30... Re7) 31. Qe2 Be7 {[%emt 0:07:30] [#]} 32. f5 (32. Nxa5 $1 $16 Qxa5 33. Bxd7) 32... e5 $1 33. Bxe5 Nxe5 34. Qxe5 Bd6 35. Qe2 d4 36. Nxd4 Bxg3 37. Rf1 Be5 38. Nf3 Bf6 39. Rad1 Qc5+ 40. Nd4 Qd5 41. Nc6 Qc5+ 42. Qf2 Qxf2+ 43. Kxf2 Rxd1 44. Rxd1 Bxc6 45. Bxc6 Rxb2+ 46. Kg1 Rc2 47. Rd7 Rc1+ 48. Kg2 Rc2+ 49. Kg1 Rc1+ 50. Kg2 $11 Rc2+ 51. Kg1 1/2-1/2

[Event "Istanbul Open 2018"]
[Site "Istanbul"]
[Date "2018.09.04"]
[Round "5"]
[White "Ekinci, Berkay"]
[Black "Ocakacan, Deniz"]
[Result "0-1"]
[ECO "A24"]
[WhiteElo "1612"]
[BlackElo "1650"]
[Annotator "NA RC"]
[PlyCount "110"]
[EventDate "2018.09.02"]
[EventType "swiss"]
[EventCountry "TUR"]
[SourceTitle "playchess.com"]
[Source "ChessBase"]
[SourceQuality "1"]
[TimeControl "5400+30"]

1. c4 Nf6 2. Nc3 g6 3. g3 Bg7 4. Bg2 O-O 5. d3 c6 6. e4 d6 7. Nge2 e5 8. O-O Be6 9. Bg5 Qd7 10. Qd2 Bh3 11. f4 Bxg2 12. Kxg2 exf4 13. Rxf4 Qe6 14. Raf1 Nbd7 15. h3 h6 16. Bxf6 Nxf6 17. b4 Nd7 18. R4f2 a5 19. b5 Nc5 20. Qe3 Rae8 21. bxc6 bxc6 22. Nf4 Qe7 23. Nce2 Rb8 24. Nd4 Qc7 25. Nf3 Rfe8 26. Re2 Na4 27. d4 Rb4 28. Rc1 Nb2 29. Nd3 Nxc4 30. Qf4 Ra4 31. h4 Qb8 32. Rec2 d5 33. e5 Ra3 34. Rc3 Rxa2+ 35. Kh1 a4 36. Nc5 Qc8 37. g4 a3 38. Nb3 Rb2 39. Na1 a2 40. Rf1 Qd7 41. Ne1 Rb1 42. Nec2 Reb8 43. Rcf3 Rxf1+ 44. Rxf1 h5 45. gxh5 Qh3+ 46. Kg1 Qe6 47. h6 Bh8 48. Qg3 Rb1 49. Nb3 Rxf1+ 50. Kxf1 Qf5+ 51. Qf2 Qh3+ 52. Kg1 Qxb3 53. h7+ Kf8 54. Qf4 Qxc2 55. Qh6+ Ke8 0-1

[Event "Istanbul Open 2018"]
[Site "Istanbul"]
[Date "2018.09.04"]
[Round "5"]
[White "Ersoy, Emre"]
[Black "Genc, Nuri Gencay"]
[Result "1-0"]
[ECO "B13"]
[WhiteElo "1557"]
[BlackElo "1690"]
[Annotator "NA RC"]
[PlyCount "91"]
[EventDate "2018.09.02"]
[EventType "swiss"]
[EventCountry "TUR"]
[SourceTitle "playchess.com"]
[Source "ChessBase"]
[SourceQuality "1"]
[TimeControl "5400+30"]

1. e4 c6 2. d4 d5 3. exd5 cxd5 4. Bd3 Nc6 5. c3 Nf6 6. Bf4 g6 7. Nf3 Bg7 8. Nbd2 O-O 9. O-O Nh5 10. Be3 Bg4 11. h3 Bxf3 12. Nxf3 Rc8 13. Qd2 Re8 14. Bh6 e6 15. Bxg7 Kxg7 16. Rfe1 Nf6 17. Ne5 Nxe5 18. Rxe5 Nd7 19. Re3 a6 20. h4 h5 21. g3 Nf6 22. Rf3 Rc7 23. Re1 Ng4 24. Rf4 f5 25. Rf3 Rce7 26. Be2 e5 27. Bd1 e4 28. Rf4 e3 29. fxe3 Nxe3 30. Bb3 Nc4 31. Rxe7+ Qxe7 32. Bxc4 dxc4 33. Kf2 b5 34. Rf3 Qb7 35. Re3 Rf8 36. Qe2 Rf7 37. Re8 Kh7 38. Qe5 Rg7 39. Rb8 Qh1 40. Qe8 Qh2+ 41. Kf3 Qh1+ 42. Kf4 Qf1+ 43. Kg5 Qc1+ 44. Kf6 Kh6 45. Qh8+ Rh7 46. Qf8+ 1-0

[Event "Istanbul Open 2018"]
[Site "Istanbul"]
[Date "2018.09.05"]
[Round "6"]
[White "Gulsoy, Mustafa Alpago"]
[Black "Emir, Emirhan"]
[Result "1-0"]
[ECO "C02"]
[WhiteElo "2061"]
[BlackElo "1852"]
[Annotator "NA"]
[PlyCount "63"]
[EventDate "2018.09.02"]
[EventType "swiss"]
[EventCountry "TUR"]
[SourceTitle "playchess.com"]
[Source "ChessBase"]
[SourceQuality "1"]
[TimeControl "5400+30"]

1. e4 e6 2. d4 d5 3. e5 c5 4. c3 Nc6 5. Nf3 Qb6 6. Na3 cxd4 7. cxd4 f6 8. Nc2 Bd7 9. Be2 fxe5 10. dxe5 g6 11. O-O Bg7 12. Re1 Nh6 13. Ncd4 Nf7 14. Be3 Qd8 15. Nxc6 bxc6 16. Bc5 Qc7 17. Bf1 Bf8 18. Rc1 Bxc5 19. Rxc5 O-O 20. Qc2 Nd8 21. Rc3 Qb6 22. h4 Qb4 23. h5 Qg4 24. hxg6 hxg6 25. Nh2 Qf5 26. Bd3 Qf4 27. Bxg6 Rf5 28. Bxf5 Qxf5 29. Rg3+ Kh7 30. Qc5 Qf7 31. Ng4 Nb7 32. Qe3 1-0

[Event "Istanbul Open 2018"]
[Site "Istanbul"]
[Date "2018.09.05"]
[Round "6"]
[White "Eryigit, Yakup"]
[Black "Abishli, Oghuz"]
[Result "1-0"]
[ECO "A35"]
[WhiteElo "2030"]
[BlackElo "2099"]
[Annotator "NA RC"]
[PlyCount "51"]
[EventDate "2018.09.02"]
[EventType "swiss"]
[EventCountry "TUR"]
[SourceTitle "playchess.com"]
[Source "ChessBase"]
[SourceQuality "1"]
[TimeControl "5400+30"]

1. Nf3 c5 2. c4 Nc6 3. Nc3 Nd4 4. e3 Nxf3+ 5. gxf3 g6 6. h4 Nf6 7. b3 Bg7 8. Bb2 O-O 9. h5 d5 10. hxg6 hxg6 11. Bd3 d4 12. exd4 cxd4 13. Ne2 e5 14. Qc2 b6 15. O-O-O Bb7 16. Rh3 Qd7 17. Rdh1 e4 18. fxe4 Ng4 19. Rh7 Rad8 20. f3 Ne5 21. Bxd4 f6 22. c5 b5 (22... bxc5 $142 23. Bc4+ (23. Bxc5 $2 Nxd3+ 24. Kb1 Nxc5 $19) 23... Nxc4 24. Qxc4+ Qf7) 23. Nf4 Nxd3+ $2 (23... Rf7) 24. Qxd3 Qxd4 {[%emt 0:01:35] [#]} 25. Rxg7+ $18 Kxg7 26. Ne6+ 1-0

[Event "Istanbul Open 2018"]
[Site "Istanbul"]
[Date "2018.09.05"]
[Round "6"]
[White "Ozkan, Taha"]
[Black "Kuseyri, Mehmet Ali"]
[Result "1-0"]
[ECO "D94"]
[WhiteElo "1997"]
[BlackElo "1962"]
[Annotator "NA"]
[PlyCount "53"]
[EventDate "2018.09.02"]
[EventType "swiss"]
[EventCountry "TUR"]
[SourceTitle "playchess.com"]
[Source "ChessBase"]
[SourceQuality "1"]
[TimeControl "5400+30"]

1. d4 d5 2. Nf3 Nf6 3. e3 g6 4. c4 c6 5. Nc3 Bg7 6. Be2 O-O 7. O-O Bg4 8. b3 Nbd7 9. Bb2 Re8 10. h3 Bxf3 11. Bxf3 dxc4 12. bxc4 e5 13. Qc2 exd4 14. exd4 Nb6 15. Qb3 Qd7 16. Rfd1 Rad8 17. a4 Qc8 18. Rac1 Nfd7 19. c5 Na8 20. Ne4 Bf8 21. Ng5 Re7 22. d5 Bh6 23. d6 Bxg5 24. dxe7 Bxe7 25. Bg4 Nc7 26. Qe3 h5 27. Qh6 1-0